Cool Beans, lawful male dwarven Archeologist # ---------- --|- --------- ----------- ##......#(..# ######..*| |.......| |.........| # |........|# ------------ # |..| |.......-#####|..........######### |........|# #....*.......#######...| |.......| ##-.........| # ----------# #|..........| ---- |.......| ##|.........| ### # #------------ --.-+---- ####----------- # # ### ##### # ##*################ # # ### # # # # ## # # #### # # # # #----------# -.-.-# # #-........|####### |f@.|# -.-- |........|# -|-------- |.>.|# |..| |.........# |........| |....# |..| |........| |........| ----- ---- |......>.-#####|........| ---------- *.........| ---------- Cool Beans the Field Worker Experience level: 3 Strength: 10 Dexterity: 9 Constitution: 14 Intelligence: 16 Wisdom: 15 Charisma: 11 Health: 38(38) Energy: 18(18) Def: 11 Gold: 8 Moves: 2646 Dungeon seed: W7z3K3FUGMjDzbRb Game ID: Cool Beans_1518542223 Your Inventory: Coins $ - 8 gold pieces Weapons I - an uncursed +0 orcish dagger Armor e - an uncursed +0 crystal plate mail (being worn) n - an uncursed +0 fedora r - an uncursed +0 orcish helm (being worn) Comestibles b - an uncursed partly eaten food ration j - a cursed egg z - an uncursed egg C - an uncursed partly eaten cram ration Scrolls w - an uncursed scroll of identify E - an uncursed scroll of light Tools c - an uncursed oil lamp (0:1104) d - an uncursed +0 pick-axe (weapon in hand) f - an uncursed tinning kit (0:82) g - an uncursed sack Gems q - an uncursed touchstone Spells and supernatural/magical abilities: Spell marked with ':' is quivered. Name Level Category Fail Memory z - sleep 1 : enchantment 30% 98% W - pray for help -- divine ? -- Your skills at the end: Fighting Skills wands [Basic] Weapon Skills pick-axe [Basic] whip [Basic] Spellcasting Skills Final Attributes: You were poison resistant. You had infravision. You were stealthy. You were slow. You survived. Vanquished creatures: a homunculus an iguana 2 acid blobs 3 coyotes a large kobold a hobgoblin 2 giant rats 2 cave spiders 2 geckos 6 jackals a fox a kobold 5 goblins a sewer rat 3 grid bugs 2 lichens a kobold zombie 8 newts 43 creatures vanquished. Voluntary challenges: You were an atheist. You used a wielded weapon 34 times, starting on turn 3. You read items or engraved 1 time, starting on turn 902. You never genocided any monsters. You never polymorphed an object. You never changed form. You used no wishes. You never split a pudding. You never wrote Elbereth's name. You violated your moral code, losing 18 points of alignment, starting on turn 17. Dungeon overview: The Dungeons of Doom: levels 1 to 4 Level 1 a fountain a long staircase Level 2 a fountain Level 3 <- You were here a sink, a vault a long staircase Level 4 an armor shop History has recorded: On T:1 you entered the Dungeons of Doom to retrieve the Amulet of Yendor! On T:420 you reached level 2 of The Dungeons of Doom. On T:735 you reached level 3 of The Dungeons of Doom. On T:885 you advanced to experience level 2. On T:1099 you reached level 4 of The Dungeons of Doom. On T:1276 you advanced to experience level 3. Score breakdown: Gold: 8 ( 3246 points) Experience: 3 levels ( 7878 points) Exploration: 4 levels ( 8.51%) ( 7661 points) Discoveries: 9 items ( 3.05%) ( 5240 points) Valuables value: (no points given unless you survive) Artifact value: 0 ( 0 points) Variety of kills: 18 monsters ( 4.74%) ( 6529 points) Turncount: 2646 turns ( -414 points) Survival: quit (score multiplied by 90%) Total score: 27126 Latest messages: The large cat bites the gecko. The gecko is killed! [2 turns] You start equipping your crystal plate mail. You are now wearing a crystal plate mail. Your movements are now unencumbered. [14 turns] [2 turns] (2x) You hear Ermenak cursing shoplifters. [2 turns] (7x) You displace your large cat. [2 turns] (13x) You hear some noises nearby. [2 turns] You hear some noises nearby. The large cat is splashed by its acid! [2 turns] (2x) The sack is empty. The sack is empty. Final status: Goodbye Cool Beans the Archeologist, quit... You quit in The Dungeons of Doom on dungeon level 3 with 27126 points, and 8 pieces of gold, after 2646 moves. You were level 3 with a maximum of 38 hit points when you quit.